 Dungeon Crawl Stone Soup version 0.21.0-3-g78d12a8 (webtiles) character file.

65349 nuthulu the Peltast (level 15, -14/97 HPs)
             Began as a Gargoyle Fighter on Jan 10, 2018.
             Was a High Priest of Okawaru.
             Demolished by an ogre
             ... wielding a +0 giant spiked club
             ... summoned by an orange crystal statue
              (16 damage)
             ... on level 2 of the Orcish Mines.
             The game lasted 00:44:51 (19784 turns).

nuthulu the Peltast (Gargoyle Fighter)             Turns: 19784, Time: 00:44:52

Health: -14/97     AC: 36    Str: 25    XL:     15   Next: 16%
Magic:  1/15       EV:  8    Int: -15 (9) God:    Okawaru [*****.]
Gold:   1208       SH: 20    Dex: 13    Spells: 14/14 levels left

rFire    + . .     SeeInvis +   a - +7 flail
rCold    + + .     Gourm    .   c - +3 shield
rNeg     + + .     Faith    .   s - +0 plate armour
rPois    ∞         Spirit   .   y - +0 helmet
rElec    +         Reflect  +   L - scarf {repulsion}
rCorr    +         Harm     .   u - +3 pair of gauntlets of War {Slay+5}
MR       ++...                  h - +0 pair of boots
Stlth    ..........             b - +3 amulet of reflection
HPRegen  0.26/turn              r - ring "Wisaecs" {rN+ Str+3}
MPRegen  0.14/turn              H - ring of protection from magic

@: resistant, flying, slowed, lost intelligence, repel missiles, very slow
A: big wings, see invisible, cold resistance 1, negative energy resistance 1,
shaggy fur 1, electricity resistance, unbreathing, petrification resistance, rot
immunity, sturdy frame 1, AC +11
a: Stop Flying, Heroism, Finesse, Renounce Religion


You were on level 2 of the Orcish Mines.
You worshipped Okawaru.
Okawaru was extremely pleased with you.
You were not hungry.

You visited 4 branches of the dungeon, and saw 19 of its levels.

You collected 1774 gold pieces.
You spent 566 gold pieces at shops.

Inventory:

Hand Weapons
 a - a +7 flail (weapon)
 I - a +1 eveningstar of protection
 J - a +2 flail of distortion
Armour
 c - a +3 shield (worn)
 e - a +1 cloak
 h - a +0 pair of boots (worn)
 s - a +0 plate armour (worn)
 u - the +3 pair of gauntlets of War (worn) {Slay+5}
   (You acquired it on level 7 of the Dungeon)

   It affects your accuracy and damage with ranged weapons and melee attacks
   (+5).
 y - a +0 helmet (worn)
 L - a scarf of repulsion (worn)
Jewellery
 b - a +3 amulet of reflection (around neck)
 r - the ring "Wisaecs" (left hand) {rN+ Str+3}
   (You took it off an orc warrior on level 6 of the Dungeon)

   [ring of strength]

   It affects your strength (+3).
   It protects you from negative energy.
 H - a ring of protection from magic (right hand)
Wands
 k - a wand of paralysis (8)
 o - a wand of flame (12)
 t - a wand of polymorph (9)
 v - a wand of random effects (23)
 D - a wand of disintegration (30)
 G - a wand of enslavement (10)
 K - a wand of clouds (5)
Scrolls
 g - 2 scrolls of fear
 i - 2 scrolls of amnesia
 j - 6 scrolls of teleportation
 q - 6 scrolls of remove curse
 C - 4 scrolls of magic mapping
 F - 3 scrolls of identify
Potions
 l - a potion of resistance
 m - 4 potions of haste
 n - 2 potions of lignification
 w - 2 potions of magic
 x - 2 potions of might
 E - a potion of agility
Comestibles
 f - 22 rations


   Skills:
 + Level 12.8 Fighting
 * Level 14.1 Maces & Flails
 - Level 14.1 Armour
 - Level 15.1 Shields


You had 14 spell levels left.
You didn't know any spells.

Dungeon Overview and Level Annotations

Branches:
Dungeon (10/15)            Temple (1/1) D:7            Lair (6/6) D:10
 Shoals (0/4) Lair:3        Snake (0/4) Lair:3        Slime (0/5) Lair:5
    Orc (2/2) D:10
    Elf: Orc:2

Altars:
Ashenzari
Cheibriados
Dithmenos
Elyvilon
Fedhas
Gozag
Hepliaklqana
Kikubaaqudgha
Makhleb
Nemelex Xobeh
Okawaru
Qazlal
Ru
Sif Muna
Trog
Uskayaw
Vehumet
Wu Jian
Xom
Yredelemnul
Zin
The Shining One
Jiyva

Shops:
D:9 *   Orc:2 =%!*

Annotations:
Lair:2 exclusion: oklob plant
Orc:2 1 runed door, exclusion: 3 orange crystal statues


Innate Abilities, Weirdness & Mutations

You are resistant to torment.
Your stone body is resilient. (AC +11)
You are immune to poison.
Your large and strong wings let you fly indefinitely.
You resist negative energy. (rN+)
You are resistant to electric shocks. (rElec)
You can survive without breathing.
You are immune to petrification.
You are immune to rotting.
You have supernaturally acute eyesight. (SInv)
Your flesh is cold resistant. (rC+)
You are covered in fur. (AC +1)
Your movements are slightly less encumbered by armour. (ER -2)


Message History

You block the orc warrior's attack. You block the warg's attack.
The gnoll closely misses you. You block the gnoll sergeant's attack.
The orc wizard closely misses you.
The orange crystal statue glitters.
You resist with almost no effort. The ogre hits you but does no damage.
You bludgeon the cyclops!!
The cyclops is almost dead.
You block the warg's attack. You block the gnoll's attack.
The orc warrior closely misses you. You block the gnoll sergeant's attack.
You block the cyclops's attack. The orc wizard casts a spell at you.
The puff of frost hits you! You resist.
The orange crystal statue fixes its piercing gaze on you.
You feel dopey. Something feeds on your intellect! The warg bites you!
* * * LOW HITPOINT WARNING * * *
You sock the cyclops!
The cyclops is almost dead.
The ogre hits you with a giant spiked club!
You die...

##.###.#.....# ##.[)...### ##.#.
#...........####..)......# #...(
#..........##.##..........###...(
##.#...........#..........##....#
#...................<............
##.....#.####+####..###.........#
.#.......#8....h8#..###..........
.......#.#.#.To#o#.###.......##..
.........#...ggC@#.##.....)...#..
.......#.#...gohO#.###...<.......
##.......#...ggOo#..#...))##.....
###.....#.#..g#.#.......###.....
##....#8...$..#.....### ##....
##...####'####.......# #....
##.................## #....
#...........#.#...## ##...
##...........###.## ###.


You could see 3 orange crystal statues, a cyclops, a troll, 2 wargs, 2 orc
warriors, 2 ogres, a gnoll sergeant, an orc wizard, 5 gnolls and an orc.

Vanquished Creatures
  Saint Roka (Orc:2)
  Rupert (Orc:2)
  A frost giant (D:10)
  The ghost of bmj180 the Carver, a journeyman MiFi of Okawaru (Lair:6)
  3 hydras (Lair:1)
  4 two-headed ogres
  A catoblepas (Lair:6)
  8 death yaks
  Nergalle (Orc:1)
  An orange crystal statue (Orc:2)
  Pikel (D:4)
  3 orc knights
  A manticore (Lair:3)
  A torpor snail (Lair:6)
  2 black mambas
  A gargoyle (D:10)
  18 spiny frogs
  6 rime drakes
  8 komodo dragons
  5 trolls
  4 polar bears (Lair:6)
  5 hornets (Lair:6)
  Grinder (D:4)
  9 hippogriffs
  8 dream sheep
  20 blink frogs
  11 spriggans (Lair:6)
  24 yaks
  Grum (D:9)
  3 basilisks
  3 wyverns
  A hungry ghost (D:7)
  Menkaure (D:7)
  2 steam dragons
  2 wargs (Orc:2)
  21 water moccasins
  12 porcupines
  2 ice beasts (D:10)
  29 orc warriors
  6 sky beasts
  3 ogres
  2 phantoms (D:8)
  A necrophage (D:9)
  4 boggarts (Lair:6)
  3 black bears
  An eye of draining (D:10)
  32 wolves
  7 centaurs
  13 crocodiles
  9 bullfrogs
  2 gnoll sergeants
  A wyvern skeleton (D:8)
  2 scorpions
  6 crimson imps
  2 bullfrog zombies
  2 bullfrog skeletons (D:9)
  3 hounds
  8 orc priests
  3 jellies
  Crazy Yiuf (D:7)
  A centaur skeleton (D:10)
  3 iguanas
  16 orc wizards
  2 hell rats (Lair:5)
  6 worker ants
  A hound skeleton (D:5)
  2 howler monkey zombies
  2 worker ant zombies
  19 adders
  14 gnolls
  11 river rats (Lair:5)
  2 shadow imps
  2 adder skeletons
  A worm (D:3)
  4 leopard geckos
  45 orcs
  5 giant cockroaches
  7 goblins
  5 hobgoblins
  18 jackals
  3 quokkas
  A ball python (D:7)
  2 bats (D:3)
  13 frilled lizards
  5 kobolds (D:1)
  A quokka skeleton (D:6)
  A quokka zombie (D:7)
  7 rats
537 creatures vanquished.

Vanquished Creatures (others)
  Nessos (Lair:6)
  A polar bear (Lair:6)
  3 orc warriors (Orc:2)
  A slave (D:4)
  7 centaurs (Orc:2)
  An orc wizard (Orc:2)
  5 orcs (Orc:2)
  A jackal (D:4)
  2 bushes
  48 fungi
  16 plants
86 creatures vanquished.

Grand Total: 623 creatures vanquished

Notes
Turn   | Place    | Note
-------+----------+-------------------------------------------
     0 | D:1      | nuthulu the Gargoyle Fighter began the quest for the Orb.
     0 | D:1      | Reached XP level 1. HP: 14/14 MP: 1/1
   149 | D:1      | Reached XP level 2. HP: 11/19 MP: 2/2
   389 | D:1      | Reached skill level 4 in Shields
   804 | D:2      | Reached XP level 3. HP: 23/23 MP: 3/3
  1162 | D:2      | Reached XP level 4. HP: 28/28 MP: 4/4
  1808 | D:3      | Reached XP level 5. HP: 14/32 MP: 5/5
  2394 | D:4      | Noticed Pikel
  2394 | D:4      | Noticed a slave
  2395 | D:4      | Noticed a slave
  2414 | D:4      | Paralysed by Pikel for 6 turns
  2419 | D:4      | Noticed a slave
  2424 | D:4      | Noticed Grinder
  2446 | D:4      | Killed Grinder
  2446 | D:4      | Reached skill level 5 in Maces & Flails
  2446 | D:4      | Reached skill level 5 in Shields
  2446 | D:4      | Reached XP level 6. HP: 15/37 MP: 6/6
  2682 | D:4      | Killed Pikel
  2682 | D:4      | Reached XP level 7. HP: 40/41 MP: 7/7
  2757 | D:4      | Reached XP level 8. HP: 43/46 MP: 8/8
  3033 | D:5      | Entered Level 5 of the Dungeon
  3141 | D:5      | Found a white marble altar of Elyvilon.
  3621 | D:5      | Reached skill level 6 in Shields
  4342 | D:6      | Got a fine pewter ring
  4613 | D:6      | Identified the ring "Wisaecs" {rN+ Str+3} (You took it off an orc warrior on level 6 of the Dungeon)
  4724 | D:6      | Reached skill level 7 in Shields
  4724 | D:6      | Reached XP level 9. HP: 49/51 MP: 9/9
  4820 | D:7      | Found a staircase to the Ecumenical Temple.
  4832 | Temple   | Entered the Ecumenical Temple
  4980 | D:7      | Noticed Menkaure
  4990 | D:7      | Killed Menkaure
  4990 | D:7      | Reached skill level 10 in Maces & Flails
  5235 | D:7      | Found a snail-covered altar of Cheibriados.
  5238 | D:7      | Found a shimmering altar of Xom.
  5241 | D:7      | Found a hazy altar of Hepliaklqana.
  5253 | D:7      | Found an ancient bone altar of Kikubaaqudgha.
  5290 | D:7      | Found a runed door.
  5327 | D:7      | Noticed Crazy Yiuf
  5336 | D:7      | Killed Crazy Yiuf
  5416 | D:7      | Reached skill level 8 in Shields
  5496 | D:7      | Identified a scroll of acquirement
  5497 | D:7      | Found the +3 pair of gauntlets of War {Slay+5}
  5888 | D:8      | Noticed a two-headed ogre
  5898 | D:8      | Killed a two-headed ogre
  5898 | D:8      | Reached skill level 9 in Shields
  6041 | D:8      | Reached XP level 10. HP: 48/56 MP: 10/10
  6087 | D:8      | Noticed a two-headed ogre
  6098 | D:8      | Killed a two-headed ogre
  6098 | D:8      | Reached skill level 10 in Shields
  6221 | D:8      | Noticed a two-headed ogre
  6221 | D:8      | Found a shattered altar of Ashenzari.
  6248 | D:8      | Killed a two-headed ogre
  6248 | D:8      | Reached skill level 5 in Armour
  6493 | D:8      | Reached skill level 11 in Shields
  7205 | D:9      | Found a hazy altar of Hepliaklqana.
  7257 | D:9      | Found an ornate altar of the Wu Jian Council.
  7262 | D:9      | Found a stormy altar of Qazlal.
  7269 | D:9      | Found a deep blue altar of Sif Muna.
  7269 | D:9      | Found a hide-covered altar of Uskayaw.
  7270 | D:9      | Found a glowing golden altar of the Shining One.
  7282 | D:9      | Found an iron altar of Okawaru.
  7291 | D:9      | Became a worshipper of Warmaster Okawaru
  7341 | D:9      | Noticed Grum
  7564 | D:9      | Killed Grum
  7763 | D:9      | Reached XP level 11. HP: 34/60 MP: 11/11
  8025 | D:9      | Reached skill level 12 in Shields
  8027 | D:9      | Found Plog's Assorted Antiques.
  8092 | D:9      | Noticed a two-headed ogre
  8109 | D:9      | Killed a two-headed ogre
  8109 | D:9      | Reached * piety under Okawaru
  8270 | D:9      | Found a shadowy altar of Dithmenos.
  8411 | D:10     | Entered Level 10 of the Dungeon
  8811 | D:10     | Reached ** piety under Okawaru
  8878 | D:10     | Found a staircase to the Lair.
  8939 | D:10     | Noticed a frost giant
  8963 | D:10     | Killed a frost giant
  8963 | D:10     | Reached skill level 13 in Shields
  8977 | D:10     | Reached *** piety under Okawaru
  9379 | D:10     | Found a staircase to the Orcish Mines.
  9430 | D:10     | Gained mutation: You are covered in fur. (AC +1) [potion of mutation]
  9430 | D:10     | Gained mutation: You evolve. [potion of mutation]
  9430 | D:10     | Gained mutation: Your flesh is cold resistant. (rC+) [potion of mutation]
  9843 | D:10     | Gained mutation: Your movements are slightly less encumbered by armour. (ER -2) [evolution]
 10104 | Lair:1   | Entered Level 1 of the Lair of Beasts
 10177 | Lair:1   | Reached skill level 14 in Shields
 10177 | Lair:1   | Reached XP level 12. HP: 52/64 MP: 12/12
 10260 | Lair:1   | Noticed a five-headed hydra
 10275 | Lair:1   | Killed a five-headed hydra
 10275 | Lair:1   | Reached **** piety under Okawaru
 10275 | Lair:1   | Reached skill level 10 in Armour
 10300 | Lair:1   | Noticed a five-headed hydra
 10321 | Lair:1   | Killed a five-headed hydra
 10751 | Lair:1   | Reached ***** piety under Okawaru
 10891 | Lair:1   | Noticed a seven-headed hydra
 10904 | Lair:1   | Killed a seven-headed hydra
 10904 | Lair:1   | Reached skill level 15 in Shields
 11007 | Lair:1   | Got a brightly glowing bronze amulet
 11008 | Lair:1   | Identified the amulet of Gozeo {Faith rPois} (You found it on level 1 of the Lair of Beasts)
 11382 | Lair:2   | Noticed a death yak
 11383 | Lair:2   | Noticed a death yak
 11387 | Lair:2   | Noticed a death yak
 11406 | Lair:2   | Killed a death yak
 11412 | Lair:2   | Noticed a death yak
 11414 | Lair:2   | Noticed a death yak
 11434 | Lair:2   | Killed a death yak
 11454 | Lair:2   | Killed a death yak
 11469 | Lair:2   | Killed a death yak
 11469 | Lair:2   | Reached skill level 5 in Fighting
 11486 | Lair:2   | Killed a death yak
 11486 | Lair:2   | Received a gift from Okawaru
 11813 | Lair:2   | Reached XP level 13. HP: 52/75 MP: 13/13
 11985 | Lair:2   | Found a white marble altar of Elyvilon.
 12058 | Lair:2   | Found a shattered altar of Ashenzari.
 12414 | Lair:3   | Found a staircase to the Shoals.
 12455 | Lair:3   | Found a staircase to the Snake Pit.
 12548 | Lair:3   | Gained mutation: You have supernaturally acute eyesight. (SInv) [evolution]
 13527 | Lair:4   | Received a gift from Okawaru
 14163 | Lair:5   | Found a viscous altar of Jiyva.
 14164 | Lair:5   | Found a staircase to the Slime Pits.
 14362 | Lair:5   | Reached ****** piety under Okawaru
 14422 | Lair:5   | Received a gift from Okawaru
 14999 | Lair:6   | Entered Level 6 of the Lair of Beasts
 15061 | Lair:5   | Reached skill level 10 in Fighting
 15431 | Lair:6   | Lost mutation: You evolve. [evolution]
 15504 | Lair:6   | Received a gift from Okawaru
 15507 | Lair:6   | Got a pair of twisted gloves {god gift}
 15547 | Lair:6   | Identified the +2 pair of gloves "Toafo" {+Fly Int+3} (Okawaru gifted it to you on level 6 of the Lair of Beasts)
 15726 | Lair:6   | Gained mutation: Your large and strong wings let you fly indefinitely. [Gargoyle growth]
 15726 | Lair:6   | Reached XP level 14. HP: 88/90 MP: 14/14
 15745 | Lair:6   | Noticed bmj180's ghost (journeyman MiFi)
 15798 | Lair:6   | Killed bmj180's ghost
 16237 | Lair:6   | Received a gift from Okawaru
 16752 | Lair:6   | Noticed Nessos
 16758 | Lair:6   | Killed Nessos
 17428 | Orc:1    | Entered Level 1 of the Orcish Mines
 17428 | Orc:1    | Noticed Nergalle
 17436 | Orc:1    | Killed Nergalle
 17504 | Orc:2    | Entered Level 2 of the Orcish Mines
 17851 | Orc:2    | Received a gift from Okawaru
 17885 | Orc:2    | Got a jewelled hat {god gift}
 17886 | Orc:2    | Identified the +0 hat "Zisu" {Int+2} (Okawaru gifted it to you on level 2 of the Orcish Mines)
 18041 | Orc:2    | Noticed Rupert
 18041 | Orc:2    | Paralysed by Rupert for 7 turns
 18085 | Orc:2    | Killed Rupert
 18366 | Orc:2    | Noticed Saint Roka
 18404 | Orc:2    | Killed Saint Roka
 18404 | Orc:2    | Reached XP level 15. HP: 35/97 MP: 8/15
 18635 | Orc:2    | Found Uzaojah's Food Boutique.
 18635 | Orc:2    | Found Nodaor's Distillery.
 18637 | Orc:2    | Found Zumeoliwy's Assorted Antiques.
 18644 | Orc:2    | Found Jiararchuo's Jewellery Shop.
 18680 | Orc:2    | Bought 2 potions of might for 96 gold pieces
 18680 | Orc:2    | Bought a potion of heal wounds for 60 gold pieces
 18680 | Orc:2    | Bought a potion of heal wounds for 60 gold pieces
 18825 | Orc:2    | Found a runed door.
 18857 | Orc:2    | Bought an uncursed ring of protection from magic for 350 gold pieces
 18892 | Orc:2    | Found the +10 large shield of Ignorance {rN+ Int-4}
 18911 | Orc:2    | Found a runed door.
 18956 | Orc:2    | Lost intelligence.
 19783 | Orc:2    | HP: 2/97 [warg[an orange crystal statue] (7)]
 19784 | Orc:2    | Demolished by an ogre

Skill      XL: |  1  2  3  4  5  6  7  8  9 10 11 12 13 14 15 |
---------------+----------------------------------------------+-----
Shields        | 4 5 7 9 11 14 15 | 15.1
Maces & Flails | 3 5 7 9 11 13 14 | 14.1
Armour         | 6 9 11 13 14 | 14.1
Fighting       | 6 11 12 | 12.8

Action                   |  1- 3 |  4- 6 |  7- 9 | 10-12 | 13-15 || total
-------------------------+-------+-------+-------+-------+-------++-------
Melee: Flail             |   134 |   114 |   310 |   650 |   567 ||  1775
       Eveningstar       |       |       |       |       |   628 ||   628
Invok: Heroism           |       |       |       |     7 |     9 ||    16
       Finesse           |       |       |       |       |     2 ||     2
 Abil: Fly               |       |       |       |       |     1 ||     1
Evoke: Wand              |       |       |       |       |     1 ||     1
  Use: Scroll            |    11 |     5 |     7 |    12 |    11 ||    46
       Potion            |       |     2 |     1 |     4 |     9 ||    16
  Eat: Chunk             |     1 |     5 |    10 |    16 |    18 ||    50
       Ration            |       |       |     1 |     1 |     3 ||     5
Armor: Scale mail        |    93 |    62 |   100 |       |       ||   255
       Plate armour      |       |       |    39 |   243 |   759 ||  1041
       Skin              |       |       |       |     9 |       ||     9
Dodge: Dodged            |    46 |    36 |    68 |   106 |   369 ||   625
       Deflected         |       |       |       |       |    11 ||    11
Block: Shield            |    80 |    71 |   188 |   456 |  1640 ||  2435
       Reflection        |       |       |       |     5 |    61 ||    66
